 Dungeon Crawl Stone Soup version 0.27-a0-25-g087482e4d5 (webtiles) character file.

Game seed: 3797902285328240864

21 RETERIOR the Magician (level 2, 0/17 HPs)
             Began as an Octopode Hedge Wizard on Jan 2, 2021.
             Slain by a leopard gecko (4 damage)
             ... on level 1 of the Dungeon.
             The game lasted 00:03:02 (1197 turns).

RETERIOR the Magician (Octopode Hedge Wizard)       Turns: 1197, Time: 00:03:03

Health: 0/17       AC:  1    Str:  9    XL:     2   Next: 83%
Magic:  2/6        EV: 13    Int: 16    God:
Gold:   97         SH:  0    Dex: 11    Spells: 5/8 levels left

rFire    . . .     SeeInvis .   c - +0 whip
rCold    . . .     Faith    .   (no shield)
rNeg     . . .     Spirit   .   b - +0 hat
rPois    .         Reflect  .   (no amulet)
rElec    .         Harm     .   (no ring)
rCorr    .         Rampage  .   (no ring)
Will     .....                  (no ring)
Stlth    +++.......             (no ring)
HPRegen  0.05/turn              (no ring)
MPRegen  0.10/turn              (no ring)
                                (no ring)
                                (no ring)

@: no status effects
A: almost no armour, stealthy swim, amphibious, 8 rings, constrict 8, camouflage
1, gelatinous body 1
a: no special abilities


You were on level 1 of the Dungeon.
You visited 1 branch of the dungeon, and saw 2 of its levels.

You collected 97 gold pieces.

Inventory:

Hand Weapons
 a - a +0 dagger
 c - a +0 whip (weapon)
Armour
 b - a +0 hat (worn)
Scrolls
 e - a scroll of enchant weapon {unknown}
 f - a scroll of noise {unknown}
Potions
 d - a potion of invisibility {unknown}
 g - 2 potions of lignification {unknown}


   Skills:
 + Level 2.1 Dodging
 + Level 3.1 Stealth
 + Level 3.6 Spellcasting
 + Level 1.0 Conjurations
 + Level 1.0 Summonings
 + Level 1.0 Translocations


You had 5 spell levels left.
You knew the following spells:

 Your Spells              Type           Power        Failure   Level
a - Magic Dart            Conj           24%          12%         1
b - Call Imp              Summ           6%           19%         2

Your spell library contained the following spells:

 Spells                   Type           Power        Failure   Level
 Blink                    Tloc           N/A          19%         2
 Slow                     Hex            2%           26%         2
 Conjure Flame            Conj/Fire      4%           41%         3
 Mephitic Cloud           Conj/Pois/Air  3%           43%         3


Dungeon Overview and Level Annotations

Branches:
Dungeon (2/15)

Altars:


Innate Abilities, Weirdness & Mutations

You cannot wear most types of armour.
You are very stealthy in the water. (Stealth+)
You are amphibious.
You can wear up to eight rings at the same time.
You can use your tentacles to constrict eight enemies at once.
Your skin changes colour to match your surroundings (Stealth+).
Your rubbery body absorbs attacks. (AC +1, EV +1)


Message History

The leopard gecko barely misses you.
Casting: Magic Dart (safe; 12% risk of failure)
Confirm with . or Enter, or press ? or * to list all spells.
Aiming: Magic Dart (safe; 12% risk of failure)
Press: ? - help, Shift-Dir - straight line, f - leopard gecko
Aim: a leopard gecko (0% to evade)
The magic dart hits the leopard gecko.
The leopard gecko is heavily wounded.
The leopard gecko closely misses you.
Casting: Magic Dart (safe; 12% risk of failure)
Confirm with . or Enter, or press ? or * to list all spells.
Aiming: Magic Dart (safe; 12% risk of failure)
Press: ? - help, Shift-Dir - straight line, f/p - leopard gecko
Aim: a leopard gecko (heavily wounded, 0% to evade)
The magic dart hits the leopard gecko.
The leopard gecko is almost dead.
The leopard gecko bites you.
* * * LOW HITPOINT WARNING * * *
The leopard gecko bites you.
You die...

#..............# #.#
#..............# #.#
#..............# #.#
#......#...)...# #.#
########.......# #.#
#..###'## #.# #..# #.#
#.####
#..###.##########.....
##>gl@.'.≈#≈#≈≈≈#.....
#########≈#≈##≈#.....
###≈#≈#≈≈##'###
#.≈≈#≈#<≈'..# #
#.###≈≈≈≈#..# #
#.#.#≈##≈##.# #
#...#≈≈≈≈##.# #
###'#######.# #
#.#######.# #


You could see a leopard gecko and a hobgoblin.

Vanquished Creatures
  A dart slug (D:1)
  A giant cockroach (D:1)
  4 goblins (D:1)
  2 hobgoblins (D:1)
  2 bats (D:1)
  A frilled lizard (D:1)
  4 kobolds (D:1)
  3 rats (D:1)
18 creatures vanquished.

Vanquished Creatures (collateral kills)
  A kobold (D:1)
1 creature vanquished.

Grand Total: 19 creatures vanquished

Notes
Turn   | Place    | Note
-------+----------+-------------------------------------------
     0 | D:1      | RETERIOR the Octopode Hedge Wizard began the quest for the
                  | Orb.
     0 | D:1      | Reached XP level 1. HP: 11/11 MP: 4/4
   335 | D:1      | Reached XP level 2. HP: 17/17 MP: 6/6
   339 | D:1      | Learned a level 2 spell: Call Imp
  1197 | D:1      | Slain by a leopard gecko

Illustrated notes

Levels and vault maps discovered:
D:1:      ncdulo_wetmaze, layout_basic, wander_ebering_terrifying_dragon_lair
D:2:      layout_rooms, st_stairs_6, minmay_vboxes

Skill      XL: |  1 |
---------------+----+-----
Stealth        | 3 |  3.1
Dodging        | |  2.1
Spellcasting   | |  3.6
Conjurations   | |  1.0
Summonings     | |  1.0
Translocations | |  1.0

Action                   || total
-------------------------++-------
Melee: Whip              ||    24
       Constrict         ||     5
       Tentacles         ||     3
       Dagger            ||     1
 Cast: Magic Dart        ||    23
       Call Imp          ||     1
 Stab: Sleeping          ||     2
Armor: Skin              ||     3
Dodge: Dodged            ||    17

Table legend: (Time is in decaauts)
 A = Elapsed time spent in this place.
 B = Non-inter-level travel time spent in this place.
 C = Inter-level travel time spent in this place.
 D = Time resting spent in this place.
 E = Time spent auto-exploring this place.
 F = Levels seen in this place.
 G = Mean time per level.
                   A        B        C        D        E       F      G
               +--------+--------+--------+--------+--------+-----+--------+
         Total |   1199 |   1199 |      0 |      0 |    835 |   2 |  599.5 |
       Dungeon |   1199 |   1199 |      0 |      0 |    835 |   2 |  599.5 |
               +--------+--------+--------+--------+--------+-----+--------+

Top non-repeatable levels by time:
     D:1: 1194 daAuts
     D:2: 4 daAuts
